 Dungeon Crawl Stone Soup version 0.31.0-9-g3a7656b989 (webtiles) character file.

Game seed: 2274450600509376715

154 MrIGI the Ruffian (level 5, -2/50 HPs)
             Began as a Troll Fighter on Feb 2, 2024.
             Was an Initiate of Wu Jian.
             Killed by divine providence
             ... invoked by an orc priest
              (14 damage)
             ... on level 3 of the Dungeon.
             The game lasted 00:04:27 (2074 turns).

MrIGI the Ruffian (Troll Fighter)                   Turns: 2074, Time: 00:04:28

Health: -2/50      AC:  4    Str: 26    XL:     5   Next: 13%
Magic:  4/4        EV:  9    Int:  4    God:    Wu Jian [......]
Gold:   85         SH:  7    Dex:  9    Spells: 4/4 levels left

rFire   . .          .
                       - Unarmed
rCold   . . .        b - +0 kite shield
rNeg    . . .        a - +0 robe
rPois   .            (helmet restricted)
rElec   .            (no cloak)
rCorr   .            (gloves unavailable)
SInv    .            (boots unavailable)
Will    .....        g - amulet of magic regeneration
Stlth   +            (no ring)
HPRegen 1.08/turn    (no ring)
MPRegen 0.49/turn

%: no passive effects
@: no status effects
A: large, unfitting armour, claws 3, regeneration 1, shaggy fur 1, tough skin 1
a: Renounce Religion


You were on level 3 of the Dungeon.
You worshipped Wu Jian.
Wu Jian was noncommittal.
You visited 2 branches of the dungeon, and saw 7 of its levels.

You collected 85 gold pieces.

Inventory:

Armour
 a - a +0 robe (worn)
 b - a +0 kite shield (worn)
Jewellery
 g - an amulet of magic regeneration (around neck)
Wands
 i - a wand of flame (14)
Scrolls
 e - 2 scrolls of vulnerability
 h - a scroll of revelation {unknown}
 k - 2 scrolls of teleportation {unknown}
 l - a scroll of identify {unknown}
 m - a scroll of enchant weapon {unknown}
Potions
 c - a potion of might
 d - a potion of magic {unknown}
 f - a potion of ambrosia {unknown}
 j - a potion of curing {unknown}


   Skills:
 + Level 2.7 Fighting
 + Level 3.0 Dodging
 + Level 3.3 Shields
 * Level 4.1 Unarmed Combat


You had 4 spell levels left.
You didn't know any spells.
Your spell library was empty.

Dungeon Overview and Level Annotations

Branches:
Dungeon (6/15)             Temple (1/1) D:6

Altars:
Ashenzari
Cheibriados
Dithmenos
Elyvilon
Fedhas
Gozag
Hepliaklqana
Makhleb
Nemelex Xobeh
Okawaru
Qazlal
Ru
Sif Muna
Trog
Vehumet
Wu Jian
Yredelemnul
Zin
The Shining One

Shops:
D:2 [


Innate Abilities, Weirdness & Mutations

You are too large for most types of armour.
You have claws for hands.
Your natural rate of healing is unusually fast.
You are covered in fur. (AC +1)
You have tough skin. (AC +1)


Message History

The Council accepts your kill.
The orc priest hits you but does no damage.
Something hits you. The orc priest hits you with a +0 club.
A magic dart appears from out of thin air!
The magic dart hits you.
Things that are here:
a +0 club; an orc corpse A puff of flame appears from out of thin air!
You block the puff of flame.
You swing at nothing.
You block the orc priest's attack.
The ribbon worm expels a string of sticky webbing.
The stream of webbing hits something but does no damage.
The orc priest mumbles some strange prayers to Beogh against you.
Beogh smites you!
* * * LOW HITPOINT WARNING * * *
Something you can't see is thrashing in a web.
There is a stone staircase leading up here.
The orc priest hits you with a +0 club.
* * * LOW HITPOINT WARNING * * *
You climb upwards.
Reactivating autopickup.
Found a sling.
There is a stone staircase leading down here.
You closely miss the orc priest.
The orc priest is moderately wounded.
The orc priest hits you with a +0 club.
* * * LOW HITPOINT WARNING * * *
You closely miss the orc priest.
The orc priest is moderately wounded.
The orc priest barely misses you.
You claw the orc priest!
The orc priest is severely wounded.
The orc priest hits you with a +0 club.
* * * LOW HITPOINT WARNING * * *
You barely miss the orc priest.
The orc priest is severely wounded.
The orc priest calls down the wrath of Beogh upon you.
Beogh smites you!
You die... . . ########### . #.o@......) . #.######### # #

You could see an orc priest.

Vanquished Creatures
  A scorpion (D:6)
  Jessica (D:2)
  An adder (D:3)
  An orc (D:4)
  3 endoplasms
  5 giant cockroaches
  6 goblins
  5 hobgoblins
  5 jackals (D:2)
  5 kobolds
  5 quokkas
  4 ball pythons
  6 bats
  3 frilled lizards
  6 rats
57 creatures vanquished.

Notes
Turn   | Place    | Note
-------+----------+-------------------------------------------
     0 | D:1      | MrIGI the Troll Fighter began the quest for the Orb.
     0 | D:1      | Reached XP level 1. HP: 22/22 MP: 0/0
   116 | D:1      | Found a faded altar of an unknown god.
   328 | D:1      | Reached XP level 2. HP: 29/29 MP: 1/1
   857 | D:2      | Noticed Jessica
   860 | D:2      | Killed Jessica
   861 | D:2      | Reached XP level 3. HP: 32/36 MP: 2/2
   920 | D:2      | Reached skill level 3 in Unarmed Combat
   974 | D:2      | Found Nepodwyw's Armour Shop.
  1055 | D:2      | Reached XP level 4. HP: 44/44 MP: 3/3
  1934 | D:3      | You fall into a shaft and drop 3 floors!
  1948 | D:6      | Found a staircase to the Ecumenical Temple.
  1950 | D:6      | Noticed a scorpion
  1955 | D:6      | Killed a scorpion
  1956 | D:6      | Reached skill level 4 in Unarmed Combat
  1956 | D:6      | Reached XP level 5. HP: 44/50 MP: 4/4
  1959 | Temple   | Entered the Ecumenical Temple
  2012 | Temple   | Became a worshipper of the Wu Jian Council
  2042 | D:5      | Entered Level 5 of the Dungeon
  2074 | D:3      | Killed from afar by an orc priest

Illustrated notes

Levels and vault maps discovered:
D:1:      roderic_dead_forest, layout_loops_cross, serial_bayou,
          serial_bayou_shore_a, serial_bayou_pond_b, serial_bayou_crossing,
          serial_bayou_lagoon_a, hellmonk_ecumenical_altar_inner_sanctum
D:2:      cheibrodos_old_hovel, layout_basic, serial_shops, nicolae_shop_stone,
          serial_rivers, chequers_serial_rivers_room_b,
          chequers_serial_rivers_micro_d, chequers_serial_rivers_micro_c,
          chequers_serial_rivers_room_a, chequers_serial_rivers_small_b,
          chequers_serial_rivers_micro_b, uniq_jessica
D:3:      layout_loops_ring, minmay_mini_jars
D:4:      layout_rooms
D:5:      minmay_bubble_buster, layout_basic, kennysheep_mini,
          brannock_xom_greatest_gift
D:6:      layout_cave_pools, nicolae_kikubaaqudgha_miasma_corner,
          minmay_temple_entry_wispy, nicolae_custom_books, grunt_potential,
          uniq_duvessa
Temple:   compressed_dpeg_triangle_lava_temple

Skill      XL: |  1  2  3  4 |
---------------+-------------+-----
Shields        | 3 |  3.3
Unarmed Combat | 3 4 |  4.1
Dodging        | 3 |  3.0
Fighting       | |  2.7

Action                     |  1- 3 |  4- 6 || total
---------------------------+-------+-------++-------
  Melee: Unarmed           |   101 |    59 ||   160
Ability: Lunge             |       |     1 ||     1
    Use: Scroll            |       |     1 ||     1
 Armour: Robe              |    55 |    32 ||    87
  Dodge: Dodged            |    22 |    24 ||    46
  Block: Kite shield       |    33 |    19 ||    52
